 Dungeon Crawl Stone Soup version 0.22-a0-538-g76cc104 (webtiles) character file.

43516 Irindil the Blocker (level 14, -1/77 HPs)
             Began as a Gargoyle Fighter on June 23, 2018.
             Was a High Priest of Hepliaklqana.
             Killed by divine providence
             ... invoked by a meliai
              (14 damage)
             ... on level 4 of the Lair of Beasts.
             The game lasted 01:16:17 (16499 turns).

Irindil the Blocker (Gargoyle Fighter)             Turns: 16499, Time: 01:16:18

Health: -1/77      AC: 37    Str: 27    XL:     14   Next: 24%
Magic:  6/6        EV:  9    Int:  8    God:    Hepliaklqana [*****.]
Gold:   961        SH: 13    Dex:  7    Spells: 13/13 levels left

rFire    + . .     SeeInvis .   y - +7 spear of the Past {antimagic, MR+}
rCold    . . .     Gourm    .   c - +0 shield
rNeg     + . .     Faith    .   L - +2 plate armour {MR+}
rPois    ∞         Spirit   .   U - +2 hat {MR+}
rElec    +         Reflect  .   Z - +1 cloak
rCorr    .         Harm     .   t - +0 pair of gloves
MR       +++++                  j - +2 pair of boots
Stlth    ..........             n - amulet of the acrobat
HPRegen  0.22/turn              Q - ring of Spontaneous Combustion {+Inv rF+ MR+ Str+2 Dex-3}
MPRegen  0.10/turn              V - +3 ring of slaying

@: flying
A: reduced essence, big wings, negative energy resistance 1, electricity
resistance, unbreathing, petrification resistance, rot immunity, AC +10
a: Stop Flying, Recall Ancestor, Ancestor Identity, Transference, Idealise,
Renounce Religion, Evoke Invisibility


You were on level 4 of the Lair of Beasts.
You worshipped Hepliaklqana.
Hepliaklqana was extremely pleased with you.
You were very hungry.

You visited 3 branches of the dungeon, and saw 16 of its levels.

You collected 961 gold pieces.

Inventory:

Hand Weapons
 y - the +7 spear of the Past (weapon) {antimagic, MR+}
   (You found it on level 5 of the Dungeon)

   It reduces the magical energy of the wielder, and disrupts the spells and
   magical abilities of those hit.
   Natural abilities and divine invocations are not affected.
   It affects your resistance to hostile enchantments.
Armour
 a - a +2 helmet
 c - a +0 shield (worn)
 j - a +2 pair of boots (worn)
 t - a +0 pair of gloves (worn)
 F - a +2 ring mail of cold resistance
 L - a +2 plate armour of magic resistance (worn)
 U - a +2 hat of magic resistance (worn)
 Z - a +1 cloak (worn)
Jewellery
 n - an amulet of the acrobat (around neck)
 s - an uncursed ring of protection from cold
 x - an uncursed ring of protection from magic
 Q - the ring of Spontaneous Combustion (left hand) {+Inv rF+ MR+ Str+2 Dex-3}
   (You found it on level 11 of the Dungeon)

   [ring of protection from magic]

   It affects your strength (+2).
   It affects your dexterity (-3).
   It protects you from fire.
   It affects your resistance to hostile enchantments.
   It lets you turn invisible.
 R - a +3 ring of dexterity
 V - a +3 ring of slaying (right hand)
Wands
 b - a wand of random effects (10)
 v - a wand of iceblast (25)
 D - a wand of flame (39)
 E - a wand of acid (10)
 I - a wand of digging (33)
 K - a wand of paralysis (13)
 T - a wand of disintegration (8)
Scrolls
 d - 2 scrolls of remove curse
 h - 3 scrolls of teleportation
 i - 2 scrolls of fear {unknown}
 o - a scroll of immolation {unknown}
 q - 5 scrolls of enchant armour {unknown}
 r - 2 scrolls of fog
 w - 2 scrolls of enchant weapon {unknown}
 z - 3 scrolls of magic mapping
 H - 2 scrolls of amnesia {unknown}
Potions
 e - 5 potions of heal wounds
 g - 6 potions of brilliance
 k - a potion of cancellation
 m - 8 potions of curing
 p - 3 potions of agility
 u - 3 potions of lignification
 B - 2 potions of mutation
 G - 3 potions of magic
 M - 2 potions of ambrosia
 O - a potion of flight
 P - 2 potions of resistance
 W - a potion of might
 X - a potion of haste {unknown}
Miscellaneous
 S - a crystal ball of energy
Comestibles
 f - 22 rations


   Skills:
 + Level 9.6 Fighting
 - Level 12.0 Polearms
 * Level 11.6 Armour
 + Level 5.4 Dodging
 * Level 13.5 Shields
 * Level 9.0 Invocations


You had 13 spell levels left.
You didn't know any spells.
Your spell library contained the following spells:

 Spells                   Type           Power        Failure   Level  Hunger
 Magic Dart               Conj           #...         99%         1    ##.....
 Fireball                 Conj/Fire      #.........   100%        5    ######.
 Apportation              Tloc           #.....       99%         1    ##.....
 Conjure Flame            Conj/Fire      #.......     100%        3    ####...
 Bolt of Cold             Conj/Ice       #.........   100%        6    #######
 Slow                     Hex            #.......     99%         2    ###....
 Invisibility             Hex            #.......     100%        6    #######
 Throw Flame              Conj/Fire      #.....       99%         2    ###....
 Freezing Cloud           Conj/Ice/Air   #.........   100%        6    #######
 Mephitic Cloud           Conj/Pois/Air  #.......     100%        3    ####...
 Ring of Flames           Chrm/Fire      #.........   100%        7    #######
 Venom Bolt               Conj/Pois      #.........   100%        5    ######.
 Olgreb's Toxic Radiance  Pois           #.......     100%        4    #####..
 Blink                    Tloc           N/A          99%         2    ###....
 Ozocubu's Refrigeration  Ice            #.........   100%        6    #######
 Sticky Flame             Conj/Fire      #.......     100%        4    #####..
 Call Imp                 Summ           #.......     99%         2    ###....
 Sting                    Conj/Pois      #...         99%         1    ##.....
 Tukima's Dance           Hex            #.......     100%        3    ####...
 Ice Form                 Ice/Tmut       #.......     100%        4    #####..
 Flame Tongue             Conj/Fire      #....        99%         1    ##.....
 Metabolic Englaciation   Hex/Ice        #.........   100%        5    ######.
 Summon Butterflies       Summ           #.......     99%         1    ##.....
 Alistair's Intoxication  Tmut/Pois      #.......     100%        5    ######.
 Simulacrum               Ice/Necr       #.........   100%        6    #######
 Inner Flame              Hex/Fire       #.......     100%        3    ####...
 Lesser Beckoning         Tloc           #.........   100%        3    ####...
 Poisonous Vapours        Pois/Air       #.....       99%         2    ###....


Dungeon Overview and Level Annotations

Branches:
Dungeon (11/15)            Temple (1/1) D:7            Lair (4/6) D:8
 Shoals (0/4) Lair:4       Spider (0/4) Lair:2          Orc (0/2) D:10

Altars:
Ashenzari
Cheibriados
Dithmenos
Elyvilon
Fedhas
Gozag
Hepliaklqana
Kikubaaqudgha
Makhleb
Nemelex Xobeh
Okawaru
Qazlal
Ru
Sif Muna
Trog
Uskayaw
Vehumet
Wu Jian
Xom
Yredelemnul
Zin
The Shining One

Annotations:
Lair:1 exclusion: 3 oklob plants
Lair:4 exclusion: 3 oklob plants


Innate Abilities, Weirdness & Mutations

You are resistant to torment.
Your stone body is resilient. (AC +10)
You are immune to poison.
Your large and strong wings let you fly indefinitely.
You resist negative energy. (rN+)
You are resistant to electric shocks. (rElec)
You can survive without breathing.
You are immune to petrification.
You are immune to rotting.
Your life essence is reduced to manifest your ancestor. (-10% HP)


Message History

The killer bee stings Krystal but does no damage.
Krystal hits the killer bee with a flail.
Krystal blocks the killer bee's attack.
Something stings Krystal but does no damage. x2
Krystal blocks something's attack.
Krystal hits the meliai with a flail.
The meliai calls down the wrath of its god upon you.
Something smites you!
* * * LOW HITPOINT WARNING * * *
The meliai invokes the aid of its god against you.
Something smites you!
* * * LOW HITPOINT WARNING * * *
You feel much better.
You puncture the meliai!
The meliai is severely wounded.
The meliai invokes the aid of its god against you.
Something smites you!
* * * LOW HITPOINT WARNING * * *
The meliai calls down the wrath of its god upon you.
Something smites you!
You die...

##..........## #..............
#P..........### ##.............
###.........#.###P......##.....
#..........##..........##P..,
#.........###........###*##,*
#........÷#........### ***
##........#.......##
#.#..............#
#..........@...#.# #####
#.........y....### #.#.##
**######..........#######.#.P####
*,..,,,#.........P..#..........#.
*.%,,,,#....y....................
#.,,,,,#.........................
.,,,,,,#....................P....
#,,,,,,#.R.......................
#**#####.........................


You could see the friendly Krystal the knight and 2 meliai.

Vanquished Creatures
  Gastronok (Lair:2)
  A sphinx (D:11)
  An ettin (D:11)
  Snorg (Lair:4)
  A yaktaur captain (D:11)
  4 hydras
  2 tengu warriors
  Urug (Lair:2)
  Sonja (D:11)
  2 ugly things (D:11)
  A deep elf mage (D:11)
  5 elephants
  3 black mambas
  5 spiny frogs
  A komodo dragon (Lair:2)
  A queen bee (Lair:4)
  A troll (D:10)
  15 blink frogs
  4 hippogriffs
  A slime creature (D:11)
  A redback (Lair:2)
  Eustachio (D:5)
  30 yaks
  2 wyverns
  A basilisk (Lair:2)
  A warg (D:10)
  The ghost of Amnesiac the Charlatan, an amateur SpMo of Gozag (D:4)
  8 water moccasins
  8 porcupines
  3 ice beasts
  2 phantoms
  3 orc warriors
  3 sky beasts
  3 black bears
  An eye of draining (D:9)
  4 ogres
  6 centaurs
  3 crocodiles
  12 bullfrogs
  5 scorpions
  34 killer bees
  4 howler monkeys
  3 wights (D:8)
  7 electric eels
  6 crimson imps
  4 bullfrog zombies
  5 jellies
  A quasit (D:9)
  A centaur zombie (D:9)
  2 hounds (D:10)
  A gnoll shaman (D:9)
  5 orc priests
  2 centaur skeletons
  8 orc wizards
  Natasha (thrice) (D:4)
  6 worker ants
  An iguana (D:9)
  A hound zombie (D:9)
  A howler monkey zombie (D:7)
  6 adders
  3 gnolls (D:9)
  5 oozes (D:11)
  An adder skeleton (D:5)
  2 worms
  2 dart slugs
  4 leopard geckos
  22 orcs
  7 bats
  A bat zombie (D:2)
  4 giant cockroaches
  6 goblins
  4 hobgoblins
  4 jackals
  4 quokkas
  2 ball pythons (D:1)
  5 frilled lizards
  A jackal skeleton (D:4)
  3 kobolds
  2 leopard gecko skeletons
  2 quokka skeletons
  8 rats
  2 rat zombies (D:2)
345 creatures vanquished.

Vanquished Creatures (collateral kills)
  2 hydras
  A two-headed ogre (D:10)
  A cyclops (D:11)
  An elephant (Lair:4)
  A black mamba (Lair:2)
  A spiny frog (Lair:4)
  A centaur skeleton (D:11)
  A komodo dragon (Lair:4)
  A troll (D:11)
  A meliai (Lair:4)
  Prince Ribbit (D:7)
  6 blink frogs
  A hippogriff (Lair:4)
  12 yaks
  A vampire mosquito (D:11)
  A hungry ghost (D:9)
  A water moccasin (D:7)
  A porcupine (Lair:4)
  2 sky beasts (D:11)
  A black bear (Lair:1)
  A centaur (D:11)
  3 crocodiles
  A bullfrog (Lair:2)
  A scorpion (D:8)
  A water moccasin skeleton (D:9)
  8 killer bees
  5 wights (D:8)
  A hound (D:9)
  3 jellies
  2 orc priests (D:9)
  An iguana (D:8)
  An orc wizard (D:9)
  2 worker ants (D:10)
  A hound skeleton (D:10)
  A howler monkey skeleton (D:10)
  An adder (D:9)
  An adder skeleton (D:7)
  2 orcs (D:9)
  2 jackals (D:9)
  A plant (Lair:2)
77 creatures vanquished.

Vanquished Creatures (others)
  14 knights
  14 ancestors
  4 fungi (Lair:3)
  A plant (Lair:1)
  A withered plant (D:4)
34 creatures vanquished.

Grand Total: 456 creatures vanquished

Notes
Turn   | Place    | Note
-------+----------+-------------------------------------------
     0 | D:1      | Irindil the Gargoyle Fighter began the quest for the Orb.
     0 | D:1      | Reached XP level 1. HP: 14/14 MP: 1/1
    66 | D:1      | Reached XP level 2. HP: 19/19 MP: 2/2
   624 | D:2      | Noticed an ice beast
   676 | D:2      | Reached XP level 3. HP: 21/23 MP: 3/3
   858 | D:2      | Noticed a scorpion
   899 | D:2      | Killed a scorpion
   899 | D:2      | Reached skill level 4 in Shields
   899 | D:2      | Reached XP level 4. HP: 18/28 MP: 4/4
  1436 | D:2      | Found an ancient bone altar of Kikubaaqudgha.
  1461 | D:2      | Reached XP level 5. HP: 33/33 MP: 5/5
  1625 | D:2      | Killed an ice beast
  2312 | D:4      | Noticed Natasha
  2324 | D:4      | Killed Natasha
  2324 | D:4      | Reached skill level 5 in Shields
  2324 | D:4      | Reached XP level 6. HP: 21/38 MP: 6/6
  2343 | D:4      | Noticed Natasha
  2521 | D:4      | Killed Natasha
  2660 | D:4      | Reached skill level 1 in Dodging
  2731 | D:4      | Found a runed door.
  2731 | D:4      | Noticed Amnesiac's ghost (amateur SpMo)
  2840 | D:4      | Noticed a phantom
  2900 | D:4      | Killed a phantom
  2900 | D:4      | Reached XP level 7. HP: 37/43 MP: 7/7
  3081 | D:4      | Noticed Natasha
  3085 | D:4      | Killed Natasha
  3164 | D:4      | Reached skill level 5 in Armour
  3244 | D:4      | Killed Amnesiac's ghost
  3531 | D:5      | Entered Level 5 of the Dungeon
  3575 | D:5      | Noticed Eustachio
  3589 | D:5      | Killed Eustachio
  3589 | D:5      | Reached skill level 6 in Shields
  3589 | D:5      | Reached XP level 8. HP: 38/48 MP: 8/8
  3629 | D:5      | Reached skill level 5 in Polearms
  3635 | D:5      | Got a shimmering spear
  3637 | D:5      | Identified the +7 spear of the Past {antimagic, MR+} (You found it on level 5 of the Dungeon)
  3686 | D:5      | Found an opulent altar of Gozag.
  4479 | D:6      | Reached skill level 5 in Fighting
  4557 | D:6      | Found a white marble altar of Elyvilon.
  4625 | D:6      | Reached skill level 7 in Shields
  5009 | D:6      | Found an opulent altar of Gozag.
  5187 | D:6      | Found a hide-covered altar of Uskayaw.
  5432 | D:7      | Noticed a yak
  5432 | D:7      | Noticed a yak
  5433 | D:7      | Noticed a yak
  5448 | D:7      | Noticed a yak
  5451 | D:7      | Noticed a yak
  5453 | D:7      | Noticed a yak
  5456 | D:7      | Killed a yak
  5456 | D:7      | Reached XP level 9. HP: 46/54 MP: 3/9
  5647 | D:7      | Found a staircase to the Ecumenical Temple.
  5663 | Temple   | Entered the Ecumenical Temple
  5917 | Temple   | Became a worshipper of Hepliaklqana the Forgotten
  5994 | D:7      | Noticed Prince Ribbit
  6001 | D:7      | Killed Prince Ribbit
  6287 | D:8      | Reached skill level 8 in Shields
  6475 | D:8      | Reached skill level 1 in Invocations
  6558 | D:8      | Found a transporter.
  6578 | D:8      | Reached XP level 10. HP: 49/54 MP: 3/11
  6627 | D:8      | Found a transporter.
  6734 | D:8      | Found a staircase to the Lair.
  7334 | D:9      | Reached * piety under Hepliaklqana
  7359 | D:9      | Found a shimmering altar of Xom.
  7436 | D:9      | Got a faintly glowing falchion
  7661 | D:9      | Reached skill level 9 in Shields
  7796 | D:9      | Found a stormy altar of Qazlal.
  7994 | D:9      | Reached XP level 11. HP: 54/59 MP: 4/14
  8109 | D:10     | Entered Level 10 of the Dungeon
  8205 | D:10     | Noticed a tengu warrior
  8206 | D:10     | Noticed a tengu warrior
  8350 | D:9      | Killed a tengu warrior
  8578 | D:10     | Killed a tengu warrior
  8994 | D:10     | Reached skill level 10 in Shields
  9062 | D:10     | Found a staircase to the Orcish Mines.
  9169 | D:10     | Reached skill level 5 in Invocations
  9229 | D:10     | Noticed a two-headed ogre
  9349 | D:10     | Killed a two-headed ogre
  9537 | D:10     | Reached ** piety under Hepliaklqana
  9538 | D:10     | Remembered your ancestor Krystal as a knight
  9856 | D:11     | Noticed Sonja
  9909 | D:11     | Killed Sonja
 10049 | D:11     | Noticed an eight-headed hydra
 10049 | D:11     | Noticed a cyclops
 10218 | D:11     | Noticed a white ugly thing
 10246 | D:11     | Killed a white ugly thing
 10246 | D:11     | Reached XP level 12. HP: 64/64 MP: 5/16
 10332 | D:11     | Reached skill level 11 in Shields
 10642 | D:11     | Reached skill level 10 in Polearms
 10829 | D:11     | Killed an eight-headed hydra
 10964 | D:11     | Reached skill level 10 in Armour
 11122 | D:11     | Noticed a yaktaur captain
 11123 | D:11     | Noticed an ettin
 11284 | D:11     | Killed a yaktaur captain
 11488 | D:11     | Killed an ettin
 11649 | D:11     | Noticed a sphinx
 11662 | D:11     | Paralysed by a sphinx for 3 turns
 11679 | D:11     | Killed a sphinx
 11689 | D:11     | Got a scorched bone ring
 11697 | D:11     | Identified the ring of Spontaneous Combustion {+Inv rF+ MR+ Str+2 Dex-3} (You found it on level 11 of the Dungeon)
 11864 | Lair:1   | Entered Level 1 of the Lair of Beasts
 12059 | Lair:1   | Reached XP level 13. HP: 70/70 MP: 6/18
 12552 | Lair:1   | Reached skill level 12 in Shields
 12559 | Lair:1   | Found a stormy altar of Qazlal.
 13215 | Lair:2   | Reached skill level 5 in Dodging
 13246 | Lair:2   | Noticed Gastronok
 13272 | Lair:2   | Killed Gastronok
 13312 | Lair:2   | Found a hole to the Spider Nest.
 13334 | Lair:2   | Reached *** piety under Hepliaklqana
 14337 | Lair:3   | Noticed Urug
 14367 | Lair:2   | Killed Urug
 14664 | Lair:3   | Reached **** piety under Hepliaklqana
 15130 | Lair:3   | Identified the +9 falchion "Hell-Harrower" {flame, +Rage Int+5 Dex-3 Stlth+} (You found it on level 9 of the Dungeon)
 15341 | Lair:3   | Reached skill level 13 in Shields
 15449 | Lair:4   | Found a staircase to the Shoals.
 15469 | Lair:4   | Gained mutation: Your large and strong wings let you fly indefinitely. [Gargoyle growth]
 15469 | Lair:4   | Reached XP level 14. HP: 77/77 MP: 6/20
 15740 | Lair:4   | Noticed Snorg
 15788 | Lair:4   | Killed Snorg
 16245 | Lair:4   | Reached ***** piety under Hepliaklqana
 16497 | Lair:4   | HP: 2/77 [meliai/divine providence (9)]
 16499 | Lair:4   | Killed from afar by a meliai

Vault maps used:
D:1:      lordsloth_arrival_two_stooges, st_stairs_11
D:2:      lemuel_zombie_altar_kikubaaqudgha, first_ration, nrook_mini_vaults,
          kennysheep_generic_room_8
D:4:      gammafunk_ghost_grave, kennysheep_small_circle, uniq_natasha
D:5:      basic_altar, uniq_eustachio
D:6:      elyvilon_altar_5, lemuel_coloured_pillars_altar,
          nicolae_overflow_hidden_temple, minivault_4
D:7:      minmay_temple_entry_mist, hangedman_decor_peaks_small,
          uniq_prince_ribbit1
D:8:      gammafunk_steamed_eel
D:9:      old_standard_altar, grunt_qazlal_clouds
D:10:     david_orc_3
D:11:     minmay_sliced_demisemicircle, hangedman_little_slice_of_home,
          fungi_pond_lemuel, uniq_sonja
Temple:   eino_temple_scatter_basement
Lair:1:   dpeg_oklob_gauntlet, basic_altar, grunt_megastairs_3
Lair:2:   spider_nest_entry_rubble, serial_bayou_ford_a, uniq_gastronok
Lair:3:   uniq_urug
Lair:4:   elwin_shoals_entry_rocks, special_room, dpeg_oklob_1,
          lemuel_fruit_fields, uniq_snorg

Skill      XL: |  1  2  3  4  5  6  7  8  9 10 11 12 13 14 |
---------------+-------------------------------------------+-----
Polearms       | 2 3 4 6 7 8 9 11 12 | 12.0
Armour         | 4 5 6 7 8 9 10 11 | 11.6
Shields        | 4 5 6 7 8 9 10 11 13 | 13.5
Dodging        | 1 2 3 4 5 |  5.4
Fighting       | 4 5 6 7 8 9 |  9.6
Invocations    | 1 4 5 7 8 9 |  9.0

Action                   |  1- 3 |  4- 6 |  7- 9 | 10-12 | 13-15 || total
-------------------------+-------+-------+-------+-------+-------++-------
Melee: Trident           |   155 |   174 |   103 |       |       ||   432
       Spear             |       |       |   237 |   904 |   606 ||  1747
Invok: Ancestor Identity |       |       |       |     1 |       ||     1
       Ancestor Life: Kn |       |       |       |     1 |       ||     1
 Abil: Fly               |       |       |       |       |     1 ||     1
  Use: Potion            |       |     1 |       |     1 |     1 ||     3
       Scroll            |       |       |     8 |     5 |     7 ||    20
 Stab: Distracted        |       |       |       |     4 |     4 ||     8
  Eat: Chunk             |       |     7 |     8 |    16 |    10 ||    41
       Ration            |       |       |     1 |     1 |     1 ||     3
Armor: Scale mail        |    85 |    67 |    79 |    10 |       ||   241
       Ring mail         |       |       |       |   191 |    41 ||   232
       Plate armour      |       |       |       |       |    63 ||    63
Dodge: Dodged            |    36 |    36 |    60 |   157 |    95 ||   384
Block: Shield            |    65 |    65 |   106 |   231 |   171 ||   638

Table legend:
 A = Spawn XP
 B = Non-spawn XP
 C = Spawn XP percentage of total XP
 D = Spawn monster count
 E = Non-spawn monster count
 F = Spawn count percentage of total count
 G = Total turns spent on level
                    A         B        C        D         E        F      G
               +---------+---------+-------+---------+---------+-------+---------
         Total |       0 |   62167 |   0.0 |       0 |     421 |   0.0 | 16499
               +---------+---------+-------+---------+---------+-------+---------
           D:1 |       0 |      30 |   0.0 |       0 |      20 |   0.0 |   667
           D:2 |       0 |     271 |   0.0 |       0 |      21 |   0.0 |  1027
           D:3 |       0 |      18 |   0.0 |       0 |      11 |   0.0 |   781
           D:4 |       0 |     664 |   0.0 |       0 |      27 |   0.0 |  1056
           D:5 |       0 |     627 |   0.0 |       0 |      15 |   0.0 |   693
           D:6 |       0 |     578 |   0.0 |       0 |       9 |   0.0 |   983
           D:7 |       0 |    1787 |   0.0 |       0 |      14 |   0.0 |   728
           D:8 |       0 |    1483 |   0.0 |       0 |      24 |   0.0 |   922
           D:9 |       0 |    4837 |   0.0 |       0 |      59 |   0.0 |  1258
          D:10 |       0 |    4928 |   0.0 |       0 |      44 |   0.0 |  1692
          D:11 |       0 |   14684 |   0.0 |       0 |      57 |   0.0 |  1784
        Lair:1 |       0 |    8778 |   0.0 |       0 |      37 |   0.0 |  1315
        Lair:2 |       0 |    9473 |   0.0 |       0 |      28 |   0.0 |  1129
        Lair:3 |       0 |    2952 |   0.0 |       0 |       8 |   0.0 |  1025
        Lair:4 |       0 |   11057 |   0.0 |       0 |      47 |   0.0 |  1161
               +---------+---------+-------+---------+---------+-------+---------
